 Dungeon Crawl Stone Soup version 0.29-a0-813-g4a14ea37d6 (webtiles) character file.

Game seed: 17603606750607190681

25 LynnLen the Sneak (level 2, -2/15 HPs)
             Began as a Vampire Enchanter on July 4, 2022.
             Slain by a quokka (4 damage)
             ... on level 1 of the Dungeon.
             The game lasted 00:02:43 (571 turns).

LynnLen the Sneak (Vampire Enchanter)                Turns: 571, Time: 00:02:43

Health: -2/15      AC:  2    Str:  7    XL:     2   Next: 86%
Magic:  5/5        EV: 12    Int: 17    God:
Gold:   33         SH:  0    Dex: 14    Spells: 5/5 levels left

rFire   . . .      SeeInvis +   a - +1 dagger
rCold   + + .      Faith    .   (no shield)
rNeg    + + +      Spirit   .   b - +0 robe
rPois   ∞          Reflect  .   (no helmet)
rElec   .          Harm     .   (no cloak)
rCorr   .          Rampage  .   (no gloves)
Will    .....                   (no boots)
Stlth   +++++.....              (no amulet)
HPRegen 0.00/turn               (no ring)
MPRegen 0.09/turn               (no ring)

@: bloodless, inhibited regen
A: bloodless, fangs 3, see invisible, vampiric 1
a: Revivify


You were on level 1 of the Dungeon.
You visited 1 branch of the dungeon, and saw 1 of its levels.

You collected 33 gold pieces.

Inventory:

Hand Weapons
 a - a +1 dagger (weapon)
Armour
 b - a +0 robe (worn)
Scrolls
 d - 2 scrolls of identify {unknown}
 e - a scroll of fear {unknown}
Potions
 c - 2 potions of invisibility
 f - a potion of degeneration {unknown}
 g - a potion of attraction {unknown}


   Skills:
 * Level 1.5 Short Blades
 + Level 2.5 Dodging
 * Level 5.6 Stealth
 + Level 2.1 Spellcasting
 - Level 4.4 Hexes


You had 5 spell levels left.
You didn't know any spells.
Your spell library contained the following spells:

 Spells                   Type           Power      Damage    Failure   Level
 Confusing Touch          Hex            16%        N/A       10%         3
 Tukima's Dance           Hex            16%        N/A       10%         3
 Ensorcelled Hibernation  Hex/Ice        18%        N/A       12%         2
 Dazzling Flash           Conj/Hex       18%        N/A       24%         3


Dungeon Overview and Level Annotations

Branches:
Dungeon (1/15)

Altars:


Innate Abilities, Weirdness & Mutations

You do not regenerate when monsters are visible.
You are frail without blood (-20% HP).
You can heal yourself when you bite living creatures.
You are immune to poison.
You have razor-sharp teeth.
You have supernaturally acute eyesight. (SInv)
You are afflicted with vampirism.


Message History

The goblin is severely wounded.
The goblin completely misses you.
You closely miss the goblin. Your bite misses the goblin.
The goblin is severely wounded.
The goblin closely misses you.
You hit the goblin but do no damage.
The goblin is severely wounded.
The goblin hits you but does no damage.
You closely miss the goblin.
The goblin is severely wounded.
The goblin hits you with a +0 dagger.
You hit the goblin.
You kill the goblin!
You see here a +0 dagger.
You now have 33 gold pieces (gained 9).
As you open the door, it creaks loudly!
There is an open door here.
A quokka comes into view.
The quokka bites you.
You hit the quokka but do no damage. The quokka bites you.
You hit the quokka.
The quokka is lightly wounded.
The quokka bites you.
You completely miss the quokka.
The quokka is lightly wounded.
The quokka barely misses you. The quokka bites you.
You miss the quokka. The quokka closely misses you.
You hit the quokka but do no damage. The quokka bites you.
You closely miss the quokka. The quokka bites you.
* * * LOW HITPOINT WARNING * * *
You hit the quokka.
The quokka is moderately wounded.
The quokka barely misses you.
You miss the quokka.
The quokka is moderately wounded.
The quokka barely misses you.
You hit the quokka. Your bite misses the quokka.
The quokka is severely wounded.
The quokka bites you.
You die...

#.###....#
#.#.#
######
#.#.# #.#.#
#.#.# #.#.#
#.#.# #r#.#
#@#.#
#.#.### #
#.#.#...#
#.#.#.#.#
#.#.#...#
#.#.#...#
###.#.....#
#...#...###
#.###.###


You could see a quokka.

Vanquished Creatures
  4 endoplasms (D:1)
  A giant cockroach (D:1)
  2 goblins (D:1)
  2 hobgoblins (D:1)
  3 jackals (D:1)
  2 quokkas (D:1)
  2 ball pythons (D:1)
  A bat (D:1)
  2 kobolds (D:1)
  3 rats (D:1)
22 creatures vanquished.

Notes
Turn   | Place    | Note
-------+----------+-------------------------------------------
     0 | D:1      | LynnLen the Vampire Enchanter began the quest for the Orb.
     0 | D:1      | Reached XP level 1. HP: 13/13 MP: 3/3
    57 | D:1      | Reached skill level 5 in Stealth
    65 | D:1      | Reached XP level 2. HP: 13/19 MP: 5/5
   571 | D:1      | Slain by a quokka

Illustrated notes

Levels and vault maps discovered:
D:1:      amcnicky_arrival_gap_in_the_tavern_cellar, layout_basic, minivault_24

Skill      XL: |  1 |
---------------+----+-----
Stealth        | 5 |  5.6
Short Blades   | |  1.5
Dodging        | |  2.5
Spellcasting   | |  2.1
Hexes          | |  4.4

Action                   || total
-------------------------++-------
Melee: Dagger            ||    66
       Bite              ||     2
 Abil: Exsanguinate      ||     1
 Stab: Sleeping          ||    10
Armor: Robe              ||    10
Dodge: Dodged            ||    34

Table legend: (Time is in decaauts)
 A = Elapsed time spent in this place.
 B = Non-inter-level travel time spent in this place.
 C = Inter-level travel time spent in this place.
 D = Time resting spent in this place.
 E = Time spent auto-exploring this place.
 F = Levels seen in this place.
 G = Mean time per level.
                   A        B        C        D        E       F      G
               +--------+--------+--------+--------+--------+-----+--------+
         Total |    566 |    566 |      0 |     65 |    305 |   1 |  566.0 |
       Dungeon |    566 |    566 |      0 |     65 |    305 |   1 |  566.0 |
               +--------+--------+--------+--------+--------+-----+--------+

Top non-repeatable levels by time:
     D:1: 566 daAuts
